 Dungeon Crawl Stone Soup version 0.28.0-53-g5a82cb258f (webtiles) character file.

Game seed: 6741193305654958151

70 unlimited1921 the Magician (level 4, -6/31 HPs)
             Began as a Djinni Fire Elementalist on July 8, 2022.
             Mangled by Terence
             ... wielding a +3 flail of protection
              (12 damage)
             ... on level 1 of the Dungeon.
             The game lasted 00:08:00 (4237 turns).

unlimited1921 the Magician (DjFE)                   Turns: 4237, Time: 00:08:00

Health: -6/31      AC:  2    Str: 13    XL:     4   Next: 45%
Gold:   71         EV: 12    Int: 18    God:
                   SH:  0    Dex: 14

rFire   + + .      SeeInvis .   f - +0 hand axe
rCold   x . .      Faith    .   (no shield)
rNeg    . . .      Spirit   .   a - +0 robe
rPois   ∞          Reflect  .   (no helmet)
rElec   .          Harm     +   b - scarf {harm}
rCorr   .          Rampage  .   (no gloves)
Will    .....                   (boots unavailable)
Stlth   ++........              (no amulet)
HPRegen 0.10/turn               j - +6 ring of strength
MPRegen 0.00/turn               (no ring)

@: flying
A: sickness immunity, fire resistance 2, cold vulnerability 1, float, innate
caster, HP casting, extra vitality 1
a: no special abilities


You were on level 1 of the Dungeon.
You visited 1 branch of the dungeon, and saw 2 of its levels.

You collected 71 gold pieces.

Inventory:

Hand Weapons
 c - a +0 dagger
 f - a +0 hand axe (weapon)
 i - a +0 short sword
Armour
 a - a +0 robe (worn)
 b - a scarf of harm (worn)
Jewellery
 j - a +6 ring of strength (left hand)
Scrolls
 g - a scroll of noise {unknown}
 k - a scroll of identify {unknown}


   Skills:
 + Level 2.4 Dodging
 + Level 2.1 Stealth
 + Level 3.5 Spellcasting


You couldn't memorise any spells.
You knew the following spells:

 Your Spells              Type           Power      Damage    Failure   Level
a - Foxfire               Conj/Fire      64%        2x1d7     3%          1
b - Scorch                Fire           32%        2d6       5%          2
c - Conjure Flame         Conj/Fire      16%        6-21      11%         3
d - Inner Flame           Hex/Fire       16%        N/A       11%         3
e - Flame Wave            Conj/Fire      16%        2d6       34%         4
f - Sandblast             Erth           32%        2d9       3%          1
Your spell library was empty.

Dungeon Overview and Level Annotations

Branches:
Dungeon (2/15)

Altars:

Shops:
D:2 [

Annotations:
D:1 Terence


Innate Abilities, Weirdness & Mutations

You are immune to sickness and miasma.
You are immune to poison.
Your flesh is very heat resistant. (rF++)
You are vulnerable to cold. (rC-)
You float through the air rather than walking.
You learn spells naturally, not from books.
Your magical power is your life essence.
You have superior vitality. (+4 MHP)


Message History

Terence shouts, "Now you die!" Terence misses you. The jackal bites you.
You fly upwards.
There is a stone staircase leading down here.
Casting: Scorch (safe; 5% risk of failure)
Confirm with . or Enter, or press ? or * to list all spells.
Flames lash Terence.
Terence is moderately wounded.
Terence's fire resistance burns away.
Terence hits you with a +3 flail of protection.
* * * LOW HITPOINT WARNING * * *
Terence is no longer more vulnerable to fire.
Terence screams, "I'm going to kill you!"
Terence says, "Did you write a will?
You should..."
Terence says, "How do you enjoy it?"
You hit the bush but do no damage. You hit the bush.
You hit the bush but do no damage. You closely miss Terence.
You hit the bush but do no damage. x2; Terence barely misses you.
Terence asks, "Do you want it fast or slow?"
Terence says, "Don't bother to defend, it's pointless."
Terence shouts, "Get ready for death!"
Terence says, "Rest in peace."
As you read the scroll labelled PIYCHI AHIGEQ, it crumbles to dust.
It is a scroll of amnesia.
You feel forgetful for a moment. Terence shouts, "Now you die!"
There is an open door here.
Terence says, "How do you enjoy it?"
There is an open door here.
Casting: Scorch (safe; 5% risk of failure)
Confirm with . or Enter, or press ? or * to list all spells.
Flames lash Terence but do no damage.
Terence hits you with a +3 flail of protection!
* * * LOW HITPOINT WARNING * * *
You hit the bush but do no damage. x4; Terence closely misses you.
Terence shouts, "Now you die!" Terence shouts, "Now you die!"
There is a stone staircase leading down here.
Terence hits you with a +3 flail of protection!
You die...

#.........##.......#
#.###.##..##.#.....#
#.###.#.........####
#.#....(≈≈P≈≈⌠≈.#
#.#.#.#.≈...P.⌠.#
#.#.#.#.≈.#.#P≈.##
#.......⌠.#.#.⌠..##
#.......⌠.#_#.≈...##
#.#.@...≈P###.⌠....##
#.##@.....P...⌠.....#
#.#.....⌠≈⌠⌠≈≈≈.....'
#...................#
####>.#####........##
#.## ###.....## #.#
##...## #.# ##'##
######.######## #.#


You could see Terence.

Vanquished Creatures
  An orc wizard (D:2)
  A worm (D:2)
  2 orcs (D:2)
  2 endoplasms (D:1)
  A giant cockroach (D:1)
  2 goblins
  4 hobgoblins
  7 jackals
  3 ball pythons
  7 bats
  A frilled lizard (D:2)
  4 kobolds
  3 rats
38 creatures vanquished.

Vanquished Creatures (others)
  120 foxfires
120 creatures vanquished.

Grand Total: 158 creatures vanquished

Notes
Turn   | Place    | Note
-------+----------+-------------------------------------------
     0 | D:1      | unlimited1921 the Djinni Fire Elementalist began the quest
                  | for the Orb.
     0 | D:1      | Reached XP level 1. HP: 15/15 MP: 0/0
    73 | D:1      | Reached XP level 2. HP: 12/21 MP: 0/0
  1384 | D:1      | Reached skill level 3 in Spellcasting
  1729 | D:1      | Reached XP level 3. HP: 21/25 MP: 0/0
  1729 | D:1      | Learned a level 1 spell: Sandblast
  2136 | D:1      | Found a faded altar of an unknown god.
  3106 | D:2      | Found Niny's Armour Emporium.
  3339 | D:2      | Reached XP level 4. HP: 21/31 MP: 0/0
  4035 | D:2      | Noticed Terence
  4237 | D:1      | Mangled by Terence

Illustrated notes

Levels and vault maps discovered:
D:1:      heliophobic_arrival_enchanted_forest, layout_loops_corners,
          shapermc_ecumenical_altar_acropolis, minivault_14, minmay_hedge_maze,
          amcnicky_mini_corridor_feature
D:2:      layout_basic, serial_shops, shop, uniq_robin, uniq_terence

Skill      XL: |  1  2  3 |
---------------+----------+-----
Spellcasting   | 3 |  3.5
Stealth        | 2 |  2.1
Dodging        | |  2.4

Action                   |  1- 3 |  4- 6 || total
-------------------------+-------+-------++-------
Melee: Hand axe          |       |     2 ||     2
 Cast: Foxfire           |    70 |     6 ||    76
       Scorch            |       |     9 ||     9
       Sandblast         |       |     2 ||     2
       Inner Flame       |       |     1 ||     1
  Use: Scroll            |       |     1 ||     1
       Potion            |       |     1 ||     1
Armor: Robe              |     4 |     2 ||     6
Dodge: Dodged            |     7 |     4 ||    11
